 Dungeon Crawl Stone Soup version 0.31-a0-40-g1d5085d191 (webtiles) character file.

Game seed: 7212122620831515906

803 bande the Shield-Bearer (level 7, -1/44 HPs)
             Began as a Gargoyle Fighter on May 18, 2023.
             Killed from afar by an acid dragon (23 damage)
             ... with a splash of acid
             ... on level 5 of the Dungeon.
             The game lasted 00:08:27 (3570 turns).

bande the Shield-Bearer (Gargoyle Fighter)          Turns: 3570, Time: 00:08:27

Health: -1/44      AC: 19    Str: 19    XL:     7   Next: 91%
Magic:  7/7        EV:  5    Int:  9    God:
Gold:   239        SH: 14    Dex: 11    Spells: 5/6 levels left

rFire   . . .        a - +0 war axe
rCold   + . .        n - +1 tower shield
rNeg    + . .        o - +0 chain mail
rPois   ∞            p - +0 helmet
rElec   +            k - +0 cloak
rCorr   .            f - +0 pair of gloves
SInv    .            c - +0 pair of boots
Will    .....        (no amulet) Stlth
                     e - ring of protection from cold
HPRegen 0.27/turn    (no ring)
MPRegen 0.10/turn

%: no passive effects
@: no status effects
A: sickness immunity, AC +4, negative energy resistance 1, electricity
resistance, torment resistance 1, petrification resistance
a: no special abilities


You were on level 5 of the Dungeon.
You visited 1 branch of the dungeon, and saw 5 of its levels.

You collected 239 gold pieces.

Inventory:

Hand Weapons
 a - a +0 war axe (weapon)
 r - a +0 war axe
Armour
 c - a +0 pair of boots (worn)
 f - a +0 pair of gloves (worn)
 k - a +0 cloak (worn)
 n - a +1 tower shield (worn)
 o - a +0 chain mail (worn)
 p - a +0 helmet (worn)
Jewellery
 e - a ring of protection from cold (left hand)
 m - a ring of wizardry
Wands
 i - a wand of flame (10)
 l - a wand of light (3)
Scrolls
 s - a scroll of blinking
 u - a scroll of teleportation
Potions
 b - 2 potions of resistance
 d - a potion of might
 g - 2 potions of curing
 h - 3 potions of heal wounds
 j - a potion of berserk rage
 q - a potion of invisibility {unknown}
 t - a potion of brilliance
 w - a potion of mutation {unknown}


   Skills:
 + Level 4.4 Fighting
 + Level 5.0 Axes
 + Level 4.8 Armour
 + Level 5.1 Shields
 * Level 0.9 Translocations
 * Level 2.8 Evocations


You had 5 spell levels left.
You knew the following spells:

 Your Spells              Type           Power      Damage    Failure   Level
a - Apportation           Tloc           2%         N/A       100%        1

Your spell library contained the following spells:

 Spells                   Type           Power      Damage    Failure   Level
 Kiss of Death            Conj/Necr      0%         2d5       100%        1
 Magic Dart               Conj           0%         1d3       100%        1
 Call Imp                 Summ           0%         N/A       100%        2
 Confusing Touch          Hex            0%         N/A       100%        3
 Mephitic Cloud           Conj/Pois/Air  0%         N/A       100%        3
 Dispel Undead            Necr           0%         3d6       100%        4
 Alistair's Intoxication  Tmut/Pois      0%         N/A       100%        5
 Death Channel            Necr           0%         N/A       100%        6
 Cigotuvi's Dreadful Rot  Necr/Pois/Air  Unusable   N/A       N/A         2

Dungeon Overview and Level Annotations

Branches:
Dungeon (5/15)
 Temple: D:4-7

Altars:
Fedhas
Nemelex Xobeh
Sif Muna
Xom
Yredelemnul
The Shining One


Innate Abilities, Weirdness & Mutations

You are immune to sickness and miasma.
Your stone body is resilient. (AC +4)
You are immune to poison.
You resist negative energy. (rN+)
You are resistant to electric shocks. (rElec)
You are resistant to unholy torment.
You are immune to petrification.


Message History

You hit the acid dragon.
The acid dragon is lightly wounded.
The acid dragon spits acid at you. The splash of acid hits you.
The acid dragon bites you but does no damage.
The acid dragon claws you but does no damage.
You closely miss the acid dragon. You block the acid dragon's attack. x2
You hit the acid dragon but do no damage.
You block the acid dragon's attack.
The acid dragon claws you but does no damage.
The acid dragon bites you but does no damage.
The acid dragon claws you but does no damage.
You hit the acid dragon.
The acid dragon is lightly wounded.
The acid dragon bites you but does no damage.
You block the acid dragon's attack.
You slash the acid dragon!
The acid dragon is heavily wounded.
The acid dragon barely misses you. You block the acid dragon's attack.
The acid dragon spits acid at you. The splash of acid hits you!!
You are too injured to fight recklessly!
You are too injured to fight recklessly!
You are too injured to fight recklessly!
You are too injured to fight recklessly!
You are too injured to fight recklessly!
You hit the acid dragon.
The acid dragon is heavily wounded.
You block the acid dragon's attack. x2
The acid dragon bites you but does no damage.
The acid dragon closely misses you.
You slash the acid dragon!
The acid dragon is almost dead.
You block the acid dragon's attack. The acid dragon claws you.
You hit the acid dragon but do no damage.
The acid dragon is almost dead.
The acid dragon spits acid at you. The splash of acid hits you!!
Ouch! That really hurt!
You die...

#.. #.# ### #.# #.# #...
#.###.# #..#
...##.##..#### .
#............# .#
........## .## ####..#
.#..#...# ##..# .......
...###..###..####.......
..#####..##.###.@D.!....
.###.#'#........####....
###._.###.##.#### .
.###.#'#..##.#
..#####..###.#
...###...#...#
##..#......###
###.....#### ###....##


You could see an acid dragon (catching breath).

Vanquished Creatures
  A water moccasin (D:4)
  A sky beast (D:4)
  3 scorpions
  3 hounds
  Ijyb (D:3)
  3 iguanas
  Natasha (thrice) (D:3)
  Robin (D:3)
  A gnoll (D:1)
  5 adders
  A white imp (D:5)
  2 worms
  4 dart slugs
  2 orcs (D:3)
  6 bats
  6 endoplasms
  2 giant cockroaches
  17 goblins
  11 hobgoblins
  2 jackals (D:3)
  5 quokkas
  6 ball pythons
  A frilled lizard (D:1)
  5 kobolds
  2 rats (D:3)
94 creatures vanquished.

Notes
Turn   | Place    | Note
-------+----------+-------------------------------------------
     0 | D:1      | bande the Gargoyle Fighter began the quest for the Orb.
     0 | D:1      | Reached XP level 1. HP: 14/14 MP: 1/1
    69 | D:1      | Reached XP level 2. HP: 11/19 MP: 2/2
   203 | D:1      | Reached XP level 3. HP: 23/23 MP: 3/3
  1070 | D:2      | Reached XP level 4. HP: 29/29 MP: 4/4
  1286 | D:2      | Found a faded altar of an unknown god.
  1632 | D:3      | Noticed Natasha
  1641 | D:3      | Killed Natasha
  1661 | D:3      | Noticed Robin
  1673 | D:3      | Reached XP level 5. HP: 33/33 MP: 5/5
  1678 | D:3      | Killed Robin
  1679 | D:3      | Reached skill level 1 in Evocations
  1699 | D:3      | Noticed Natasha
  1714 | D:3      | Killed Natasha
  1987 | D:3      | Noticed Natasha
  1999 | D:3      | Killed Natasha
  2000 | D:3      | Reached XP level 6. HP: 30/38 MP: 6/6
  2102 | D:3      | Found an ancient bone altar of Kikubaaqudgha.
  2105 | D:3      | Found a shimmering blue altar of Sif Muna.
  2105 | D:3      | Found a blossoming altar of Fedhas.
  2106 | D:3      | Noticed Ijyb
  2107 | D:3      | Found a basalt altar of Yredelemnul.
  2107 | D:3      | Found a shimmering altar of Xom.
  2107 | D:3      | Found a glowing golden altar of the Shining One.
  2121 | D:3      | Killed Ijyb
  2614 | D:4      | Noticed a water moccasin
  2627 | D:4      | Killed a water moccasin
  2628 | D:4      | Reached XP level 7. HP: 39/43 MP: 7/7
  3190 | D:5      | Entered Level 5 of the Dungeon
  3213 | D:5      | Learned a level 1 spell: Apportation
  3236 | D:5      | Reached skill level 5 in Shields
  3398 | D:5      | Reached skill level 5 in Axes
  3544 | D:5      | Found a sparkling altar of Nemelex Xobeh.
  3570 | D:5      | Killed from afar by an acid dragon

Illustrated notes

Levels and vault maps discovered:
D:1:      roderic_chinese_lattice_arrival, layout_rooms, serial_corexii_hall,
          corexii_hall_statues_l, chequers_hall_statues_corner_a,
          corexii_hall_statues_i
D:2:      layout_loops_corners, basic_ecumenical_altar,
          kennysheep_generic_room_9
D:3:      layout_loops_cross, doesnt_xom_only_xom, uniq_ijyb, uniq_robin,
          uniq_natasha
D:4:      layout_loops_ring
D:5:      layout_rooms, jmf_multi_god_temple, nemelex_diamond_rough_becter,
          minmay_temple_entry_statues_fountains

Skill      XL: |  1  2  3  4  5  6  7 |
---------------+----------------------+-----
Axes           | 2 3 4 5 |  5.0
Armour         | 4 |  4.8
Evocations     | 1 2 |  2.8
Shields        | 4 5 |  5.1
Fighting       | 4 |  4.4
Translocations | |  0.9

Action                     |  1- 3 |  4- 6 |  7- 9 || total
---------------------------+-------+-------+-------++-------
  Melee: War axe           |    84 |   144 |    97 ||   325
    Use: Scroll            |     2 |     8 |     4 ||    14
 Armour: Scale mail        |    57 |    79 |       ||   136
         Chain mail        |       |    20 |    60 ||    80
  Dodge: Dodged            |    45 |    30 |    19 ||    94
  Block: Buckler           |    20 |     4 |       ||    24
         Tower shield      |       |   116 |    70 ||   186

Table legend: (Time is in decaauts)
 A = Elapsed time spent in this place.
 B = Non-inter-level travel time spent in this place.
 C = Inter-level travel time spent in this place.
 D = Time resting spent in this place.
 E = Time spent auto-exploring this place.
 F = Levels seen in this place.
 G = Mean time per level.
                   A        B        C        D        E       F      G
               +--------+--------+--------+--------+--------+-----+--------+
         Total |   3757 |   3716 |     41 |    315 |   2461 |   5 |  751.4 |
       Dungeon |   3757 |   3716 |     41 |    315 |   2461 |   5 |  751.4 |
               +--------+--------+--------+--------+--------+-----+--------+

Top non-repeatable levels by time:
     D:3: 1126 daAuts
     D:2: 958 daAuts
     D:4: 668 daAuts
     D:1: 590 daAuts
     D:5: 413 daAuts
